 Dungeon Crawl Stone Soup version 0.28.0-43-g3370ac3207 (webtiles) character file.

Game seed: 15362467301645992985

19 Zonian the Chiller (level 2, -2/19 HPs)
             Began as a Demonspawn Ice Elementalist on Mar 1, 2022.
             Slain by an adder (3 damage)
             ... on level 2 of the Dungeon.
             The game lasted 00:01:04 (1174 turns).

Zonian the Chiller (Demonspawn Ice Elementalist)    Turns: 1174, Time: 00:01:05

Health: -2/19      AC:  2    Str:  8    XL:     2   Next: 55%
Magic:  0/5        EV: 12    Int: 16    God:
Gold:   26         SH:  0    Dex: 13    Spells: 4/5 levels left

rFire   . . .      SeeInvis .   (no weapon)
rCold   . . .      Faith    .   (no shield)
rNeg    . . .      Spirit   .   a - +0 robe
rPois   .          Reflect  .   (no helmet)
rElec   .          Harm     .   (no cloak)
rCorr   .          Rampage  .   (no gloves)
Will    .....                   (no boots)
Stlth   ++........              (no amulet)
HPRegen 0.06/turn               (no ring)
MPRegen 0.09/turn               (no ring)

@: no status effects
A: powered by death 1
a: no special abilities


You were on level 2 of the Dungeon.
You visited 1 branch of the dungeon, and saw 2 of its levels.

You collected 26 gold pieces.

Inventory:

Armour
 a - a +0 robe (worn)
Scrolls
 c - a scroll of fog {unknown}
 d - a scroll of teleportation {unknown}
Potions
 b - a potion of ambrosia {unknown}


   Skills:
 + Level 2.1 Dodging
 + Level 2.1 Stealth
 + Level 2.2 Spellcasting
 + Level 3.8 Ice Magic


You had 4 spell levels left.
You knew the following spells:

 Your Spells              Type           Power      Damage    Failure   Level
a - Freeze                Ice            52%        1d7       4%          1

Your spell library contained the following spells:

 Spells                   Type           Power      Damage    Failure   Level
 Frozen Ramparts          Ice            26%        1d4       13%         3
 Ozocubu's Armour         Ice            13%        N/A       13%         3
 Summon Small Mammal      Summ           4%         N/A       21%         1
 Sublimation of Blood     Necr           1%         N/A       30%         2
 Call Canine Familiar     Summ           1%         N/A       52%         3
 Summon Guardian Golem    Hex/Summ       1%         N/A       52%         3
 Hailstorm                Conj/Ice       7%         3d4       67%         4
 Petrify                  Tmut/Erth      1%         N/A       90%         4
 Irradiate                Conj/Tmut      0%         3d13      99%         5


Dungeon Overview and Level Annotations

Branches:
Dungeon (2/15)

Altars:


Innate Abilities, Weirdness & Mutations

You regenerate a little health from kills.


Message History

You freeze the adder.
The adder is moderately wounded.
The adder bites you.
You are poisoned.
The adder poisons you!
You freeze the adder.
The adder is heavily wounded.
The adder seems to slow down.
You feel sick. The adder barely misses you.
You freeze the adder.
The adder is severely wounded.
The adder seems to slow down.
You feel sick. The adder bites you.
Unknown command.
You closely miss the adder.
The adder is severely wounded.
You feel sick. The adder barely misses you.
Unknown command.
You are too injured to fight recklessly!
You are too injured to fight recklessly!
Unknown command.
Casting: Freeze (safe; 4% risk of failure)
Confirm with . or Enter, or press ? or * to list all spells.
Aiming: Freeze (safe; 4% risk of failure)
Press: ? - help, Shift-Dir - straight line, f/p - adder
Aim: an adder (severely wounded, slow)
You freeze the adder.
The adder is almost dead.
You feel sick.
The adder is no longer moving slowly.
The adder barely misses you.
You miss the adder.
The adder is almost dead.
You feel sick. The adder barely misses you.
Unknown command.
You miss the adder.
The adder is almost dead.
You feel sick.
You are no longer poisoned.
The adder bites you.
* * * LOW HITPOINT WARNING * * *
The adder bites you.
You die...

#.. ## . +.. +. ##.. #.
..# #.## #.# #..#
##.####.###########.####
........................
......S@.........##.####
.........#######.##.# #
######...# #.##.. #
#...# #.###.### #...#
#........ #...#
..###..## ..... ..#
##.## ##.###


You could see an adder.

Vanquished Creatures
  A dart slug (D:1)
  A ball python (D:1)
  4 bats (D:1)
  An endoplasm (D:1)
  2 giant cockroaches (D:1)
  A goblin (D:2)
  A hobgoblin (D:2)
  4 frilled lizards (D:1)
  A rat (D:1)
16 creatures vanquished.

Notes
Turn   | Place    | Note
-------+----------+-------------------------------------------
     0 | D:1      | Zonian the Demonspawn Ice Elementalist began the quest for
                  | the Orb.
     0 | D:1      | Reached XP level 1. HP: 13/13 MP: 3/3
   263 | D:1      | Gained mutation: You regenerate a little health from kills.
                  | [demonic ancestry]
   263 | D:1      | Reached XP level 2. HP: 19/19 MP: 0/5
  1174 | D:2      | Slain by an adder

Illustrated notes

Levels and vault maps discovered:
D:1:      ncdulo_watergridlock, layout_loops_ring, hex_large
D:2:      layout_basic, lightli_corner_chamber, uniq_crazy_yiuf_cottage

Skill      XL: |  1 |
---------------+----+-----
Stealth        | 2 |  2.1
Dodging        | 2 |  2.1
Spellcasting   | |  2.2
Ice Magic      | |  3.8

Action                   || total
-------------------------++-------
Melee: Unarmed           ||    12
 Cast: Freeze            ||    27
 Stab: Sleeping          ||     2
Armor: Robe              ||     5
Dodge: Dodged            ||    19
